AoeStats
← 888

Arena

508178959Analyzed
4v4 RM · 11d ago on Sep 21, 2026· 27m 41s· 8 players
Game mode
Random Map
Map size
Large (8 player)
Population
200
Speed
Normal
Resources
Standard
Victory
Conquest
Starting age
Dark Age
Ending age
Imperial Age
RankedLock teamsTeams togetherTeam positionsShared explorationLock speedFull tech treeHidden civsTurbo modeCheats
Victory
Defeat
🇨🇳 Cumans · China
1300
+16
🇨🇳 Britons · China
1268
+17
🇹🇼 Tupi · Taiwan
1255
+18
🇹🇼 Khmer · Taiwan
1207
+19
🇨🇳 Mongols · China
1338
-20
🇹🇼 Japanese · Taiwan
1313
-18
🇫🇷 Cumans · France
1286
-17
🇨🇳 Dravidians · China
1231
-15
smallpox04
9:54 Feudal Age
10:31 Double-Bit Axe
13:30 Castle Age
13:28 Horse Collar
18:34 Heavy Plow
19:59 Bow Saw
22:01 Wheelbarrow
21:59 Gold Mining
22:06 Stone Mining
23:25 Gold Shaft Mining
28:21 Imperial Age
26:38 Loom
27:08 Hand Cart
27:03 Town Watch
27:52 Fletching
LocalMomsHelper
10:38 Feudal Age
14:14 Castle Age
12:38 Double-Bit Axe
12:36 Horse Collar
14:07 Town Watch
15:44 Bow Saw
24:46 Wheelbarrow
24:48 Fletching
24:59 Padded Archer Armor
25:27 Bodkin Arrow
29:27 Imperial Age
JustShutUpandCarryMe
11:03 Feudal Age
11:30 Man-at-Arms
12:03 Double-Bit Axe
12:11 Gold Mining
12:55 Scale Mail Armor
14:33 Loom
18:50 Forging
18:46 Town Watch
20:28 Horse Collar
26:51 Castle Age
25:53 Wheelbarrow
27:01 Capped Ram
27:58 Chain Mail Armor
28:19 Iron Casting
28:15 Bow Saw
28:10 Stone Mining
simonchen0125
11:17 Feudal Age
14:31 Castle Age
12:40 Double-Bit Axe
12:38 Horse Collar
14:21 Gold Mining
15:20 Husbandry
18:05 Bloodlines
18:59 Scale Barding Armor
23:45 Wheelbarrow
23:21 Town Watch
888
9:04 Feudal Age
9:45 Double-Bit Axe
10:32 Horse Collar
19:39 Castle Age
17:27 Loom
18:57 Wheelbarrow
18:17 Gold Mining
19:41 Bloodlines
20:21 Heavy Plow
20:34 Bow Saw
21:03 Gold Shaft Mining
21:29 Scale Barding Armor
21:35 Forging
21:29 Capped Ram
thomas89671173
11:22 Feudal Age
12:21 Double-Bit Axe
15:08 Castle Age
12:57 Horse Collar
16:21 Wheelbarrow
16:11 Bow Saw
16:18 Heavy Plow
你磊哥
11:03 Feudal Age
12:01 Double-Bit Axe
15:11 Castle Age
13:24 Horse Collar
15:36 Loom
17:10 Pikeman
谢por
9:39 Feudal Age
13:25 Castle Age
14:54 Double-Bit Axe
Connection lost

Rejoining the realm…

Still unreachable

The connection could not be restored.

Session expired

The server has moved on; the page needs a fresh start.